Map: Year Zero LE

Players

Bigterran

  • Race: Terran Terran
  • Spawn Location: 11:00

Sketchaphone - Winner!

  • Race: Zerg Zerg
  • League: Gold
  • Spawn Location: 1:00

VOD

Have the link to the VOD?

Description

Time

  • Played on: Feb. 1, 2019, 8:16 p.m.
  • Length: 16:53
Show
View Real Time Build Order
Export as new Build Order

Bigterran Terran 

Build Orders: 1/1/1 

Get SALT Encoding   

  12  0:03  SCV  
  13  0:15  SCV  
  14  0:24  Supply Depot  
  14  0:28  Refinery  
  14  0:29  SCV  
  15  0:46  SCV  
  15  0:47  Barracks  
  16  0:58  SCV  
  17  1:07  Barracks  
  17  1:21  Refinery  
  17  1:22  SCV  
  18  1:38  Factory  
  18  1:48  Orbital Command  
  18  1:52  Marine  
  19  1:55  Marine  
  20  2:19  Marine x2  
  22  2:25  SCV  
  22  2:27  Starport, Factory Tech Lab  
  23  2:38  Marine  
  23  2:39  Marine  
  25  2:53  Supply Depot  
  25  2:54  SCV  
  25  2:56  Marine  
  27  3:00  Marine  
  28  3:11  Medivac  
  30  3:15  SCV  
  30  3:19  Marine  
  32  3:22  Marine  
  33  3:37  Siege Tank  
  36  3:42  Medivac  
  36  3:45  Marine  
  39  3:50  Marine  
  39  3:54  SCV  
  41  4:04  Marine  
  42  4:13  SCV  
  43  4:25  Siege Tank  
  43  4:27  Barracks Tech Lab  
  46  4:36  Barracks  
  46  4:37  Barracks Tech Lab  
  46  4:42  Supply Depot  
  46  5:01  Concussive Shells  
  46  5:04  Medivac  
  46  5:07  Combat Shield  
  48  5:09  Siege Tank  
  51  5:22  Liberator  
  51  5:25  Marauder, Marine  
  57  5:43  Marauder  
  59  6:06  Marine, Supply Depot  
  59  6:07  Marauder  
  62  6:24  Marine  
  63  6:28  Marauder  
  65  6:46  Marauder, Marine  
  57  6:50  Marauder  
  55  7:04  Marine  
  55  7:08  Marauder  
  58  7:10  Marine  
  56  7:22  Marine  
  57  7:28  Marine  
  57  7:29  Marauder  
  60  7:39  Marine  
  61  7:46  Marine  
  61  7:51  Marauder  
  64  7:57  Marine  
  65  8:04  Marauder  
  63  8:12  Marauder  
  65  8:15  Marine  
  66  8:21  Siege Tank  
  66  8:25  Marine  
  70  8:33  Marine x2  
  69  8:44  Marauder  
  58  8:51  Marauder, Marine  
  61  9:04  Marine  
  61  9:09  Marine  
  63  9:13  Marauder  
  65  9:23  Marauder  
  64  9:26  Marine  
  65  9:34  Marauder  
  66  9:44  Marine x2  
  68  9:47  Engineering Bay  
  66  9:55  Marauder  
  68  10:01  Marine  
  68  10:05  Marine  
  70  10:17  Marauder  
  70  10:20  Marauder  
  74  10:23  Marine  
  75  10:38  Marauder  
  75  10:41  Marine x2  
  79  10:59  Supply Depot  
  79  11:09  Marauder, Marine  
  79  11:10  Marauder  
  63  11:27  Marine  
  63  11:31  Marauder x2  
  64  11:44  Marine  
  61  11:52  Medivac, Marine x2  
  65  12:01  Terran Infantry Weapons Level 1  
  65  12:02  Marine  
  65  12:10  Marauder  
  65  12:11  Marauder  
  69  12:20  Marine  
  70  12:31  Marine  
  70  12:32  Marauder  
  73  12:38  Marine  
  74  12:49  Marauder  
  76  12:53  Marauder  
  78  13:01  Engineering Bay  
  61  13:29  Marauder x2, Marine  
  66  13:47  Marine  
  61  13:50  Marine  
  61  13:51  Marauder  
  58  13:56  Terran Infantry Armor Level 1  
  54  14:04  Marine  
  54  14:09  Marauder  
  51  14:11  Marine  
  51  14:22  Orbital Command, Marine  
  49  14:30  Marauder  
  51  14:35  Marine  
  52  14:40  Marine  
  53  14:56  Refinery  
  53  15:00  Refinery  
  49  15:20  SCV  
  50  15:22  Marine  
  50  15:23  Marauder, Marine  
  54  15:32  SCV  
  54  15:34  Siege Tank  
  58  15:40  Marine  
  59  15:44  SCV  
  60  15:53  Marauder, Marine  
  60  15:56  SCV  
  64  15:58  Marine  
  64  16:01  Medivac  
  67  16:08  SCV  
  70  16:11  Marauder  
  70  16:14  Marine  
  71  16:20  SCV  
  72  16:33  SCV  
  51  16:41  Command Center  
Show
View Real Time Build Order
Export as new Build Order

Sketchaphone Zerg - Winner!

Build Orders: Hatch First 

Get SALT Encoding   

  12  0:01  Drone  
  13  0:14  Overlord  
  13  0:18  Drone  
  14  0:29  Overlord  
  14  0:35  Drone  
  15  0:42  Drone  
  16  0:50  Drone  
  17  1:11  Hatchery, Extractor  
  17  1:12  Drone  
  17  1:14  Drone  
  17  1:20  Drone  
  18  1:48  Spawning Pool  
  18  1:50  Drone  
  18  1:51  Drone  
  19  1:59  Drone  
  20  2:06  Drone  
  20  2:17  Drone  
  21  2:27  Drone  
  22  2:30  Drone  
  23  2:40  Metabolic Boost  
  23  2:41  Queen  
  25  2:49  Zergling x2  
  25  2:50  Hatchery  
  25  2:52  Queen  
  27  2:59  Drone x2  
  27  3:00  Drone  
  27  3:04  Drone  
  27  3:05  Drone  
  32  3:14  Overlord  
  32  3:27  Zergling x2  
  32  3:30  Drone x3  
  36  3:42  Drone x2  
  36  3:45  Queen  
  40  3:50  Spore Crawler  
  40  3:53  Drone x3  
  42  4:01  Overlord  
  41  4:11  Zergling x2  
  41  4:16  Zergling x4  
  44  4:17  Overlord x2  
  44  4:22  Overlord  
  44  4:23  Zergling x4  
  46  4:28  Drone  
  46  4:29  Drone  
  46  4:30  Queen  
  51  4:31  Drone x2  
  51  4:35  Drone x2  
  51  4:36  Evolution Chamber  
  51  4:38  Evolution Chamber  
  52  4:47  Spore Crawler  
  52  4:48  Zergling x10  
  56  5:01  Drone x4  
  56  5:02  Spore Crawler  
  59  5:08  Drone x2  
  59  5:10  Drone x4  
  59  5:11  Drone  
  66  5:15  Queen  
  66  5:16  Drone  
  66  5:18  Zerg Melee Weapons Level 1  
  69  5:21  Extractor  
  69  5:23  Extractor  
  69  5:26  Overlord  
  69  5:27  Pneumatized Carapace, Extractor  
  66  5:33  Zerg Ground Armor Level 1  
  66  5:51  Zergling x8  
  66  5:52  Zergling x6, Drone  
  66  5:53  Drone  
  74  5:57  Baneling Nest  
  73  6:05  Zergling x2  
  73  6:06  Zergling x2  
  73  6:09  Drone x3  
  78  6:11  Overlord  
  78  6:12  Overlord  
  78  6:23  Zergling x10  
  82  6:34  Zergling x14  
  82  6:38  Spine Crawler x2  
  82  6:39  Spine Crawler  
  83  6:40  Spine Crawler  
  66  6:48  Zergling x14  
  63  7:04  Zergling x4  
  63  7:05  Zergling x2  
  61  7:11  Zergling x6  
  60  7:29  Zergling x12  
  61  7:30  Zergling x2  
  61  7:35  Zergling x2  
  62  7:37  Queen  
  64  7:45  Zergling x10  
  68  7:51  Zergling x8  
  71  8:03  Zergling x6  
  71  8:05  Zergling x4  
  69  8:14  Queen  
  71  8:22  Lair  
  71  8:24  Roach Warren  
  69  8:32  Spore Crawler  
  51  8:49  Zergling x2  
  51  8:58  Drone  
  51  8:59  Overlord, Zergling x2  
  51  9:00  Queen  
  50  9:04  Zergling x8  
  50  9:09  Spine Crawler  
  52  9:17  Zergling x4  
  52  9:24  Zergling x4  
  56  9:28  Spine Crawler  
  56  9:29  Spine Crawler  
  53  9:37  Queen  
  54  9:39  Queen  
  55  9:46  Drone  
  55  9:49  Zergling x8  
  55  10:00  Spine Crawler  
  50  10:11  Spire  
  50  10:12  Queen  
  50  10:13  Zerg Melee Weapons Level 2  
  51  10:15  Zergling x16  
  59  10:25  Zergling x2  
  59  10:26  Zergling x2  
  56  10:34  Spine Crawler, Hatchery  
  55  10:43  Baneling x16  
  55  10:44  Centrifical Hooks  
  55  10:47  Drone  
  55  10:48  Zergling x4  
  58  10:54  Queen  
  58  10:56  Roach  
  64  10:57  Roach  
  56  11:16  Zergling x10  
  56  11:17  Zergling x6  
  58  11:26  Zergling x4  
  58  11:30  Queen  
  58  11:31  Spine Crawler  
  57  11:35  Zergling x4  
  56  11:48  Drone x3  
  59  12:03  Hatchery  
  59  12:05  Hatchery  
  57  12:15  Roach x6  
  69  12:19  Drone  
  70  12:28  Overlord  
  70  12:29  Drone x2  
  74  12:30  Roach  
  74  12:39  Baneling  
  74  12:40  Baneling x7  
  74  12:46  Zergling x6  
  61  13:23  Zergling x8  
  61  13:24  Zergling x20  
  61  13:26  Spine Crawler  
  64  13:31  Spine Crawler  
  64  13:32  Zergling x4  
  63  13:41  Zergling x6  
  66  13:46  Zergling x6  
  61  13:49  Zergling x2  
  61  13:52  Zergling x2  
  61  13:54  Zergling x2  
  58  13:58  Zergling x4  
  58  14:02  Zergling x2  
  58  14:09  Zergling x2  
  55  14:25  Drone  
  55  14:29  Queen  
  58  14:33  Drone x2  
  58  14:34  Drone x3  
  58  14:38  Drone  
  64  14:48  Drone x2  
  60  15:16  Zergling x38  
  60  15:17  Drone  
  80  15:30  Baneling x4  
  80  15:37  Queen  
  82  15:49  Drone x2  
  84  15:54  Overlord  
  84  15:55  Mutalisk x7  
  98  16:06  Baneling x2  
  98  16:07  Baneling x2  
  98  16:08  Baneling  
  98  16:09  Baneling x8  
  98  16:10  Zergling x2  
  99  16:12  Drone  
Tags
 
League
Gold
Matchup
TvZ
Replay Pack
init
Spawn Locations
Close Positions
Add a new tag
Caveats
  • Supply blocks, unpowered buildings, or Contaminate may cause inaccurate times.
  • Supply counts are checked every 10 seconds.